 Dungeon Crawl Stone Soup version 0.29-a0-1027-gcd8c55af63 (webtiles) character file.

Game seed: 13101177192292817085

2718 Locuples the Cleaver (level 9, -1/79 HPs)
             Began as a Minotaur Fighter on Aug 12, 2022.
             Was a Priest of Sif Muna.
             Splashed by a jelly's acid (3 damage)
             ... on level 6 of the Dungeon.
             The game lasted 00:10:32 (6699 turns).

Locuples the Cleaver (Minotaur Fighter)             Turns: 6699, Time: 00:10:32

Health: -1/79      AC:  5    Str: 24    XL:     9   Next: 39%
Magic:  8/8        EV: 11    Int:  5    God:    Sif Muna [***...]
Gold:   445        SH:  5    Dex: 13    Spells: 8/8 levels left

rFire   . . .      SeeInvis .   a - +0 war axe
rCold   . . .      Faith    .   c - +0 buckler
rNeg    . . .      Spirit   .   b - +0 scale mail
rPois   .          Reflect  .   (helmet restricted)
rElec   .          Harm     .   (no cloak)
rCorr   .          Rampage  .   p - +0 pair of gloves
Will    .....                   (no boots)
Stlth   +.........              (no amulet)
HPRegen 0.23/turn               (no ring)
MPRegen 0.11/turn               (no ring)

@: corroded
A: horns 2, retaliatory headbutt, thin skeletal structure 1
a: Renounce Religion, Channel Magic, Forget Spell


You were on level 6 of the Dungeon.
You worshipped Sif Muna.
Sif Muna was most pleased with you.
You visited 2 branches of the dungeon, and saw 7 of its levels.

You collected 445 gold pieces.

Inventory:

Hand Weapons
 a - a +0 war axe (weapon)
Armour
 b - a +0 scale mail (worn)
 c - a +0 buckler (worn)
 p - a +0 pair of gloves (worn)
Jewellery
 w - an amulet of guardian spirit
Wands
 d - a wand of mindburst (13)
 v - a wand of acid (11)
 C - a wand of polymorph (4)
Scrolls
 g - a scroll of noise {unknown}
 i - a scroll of butterflies {unknown}
 k - 3 scrolls of amnesia {unknown}
 m - 2 scrolls of blinking {unknown}
 o - a scroll of immolation {unknown}
 r - 2 scrolls of fear {unknown}
 s - a scroll of teleportation {unknown}
 t - a scroll of magic mapping {unknown}
 x - a scroll of enchant armour {unknown}
 y - 2 scrolls of identify {unknown}
 D - 4 scrolls of enchant weapon {unknown}
Potions
 e - a potion of berserk rage {unknown}
 j - a potion of brilliance {unknown}
 l - a potion of resistance {unknown}
 n - a potion of mutation
 q - a potion of cancellation
 u - a potion of haste {unknown}
 z - a potion of magic {unknown}
 A - a potion of ambrosia {unknown}
 B - a potion of lignification {unknown}
 E - a potion of attraction {unknown}


   Skills:
 + Level 7.2 Fighting
 + Level 10.8 Axes
 + Level 8.6 Armour
 + Level 3.2 Dodging
 + Level 5.2 Shields


You had 8 spell levels left.
You didn't know any spells.
Your spell library contained the following spells:

 Spells                   Type           Power      Damage    Failure   Level
 Shock                    Conj/Air       0%         1d3       83%         1
 Blink                    Tloc           0%         N/A       92%         2
 Lesser Beckoning         Tloc           0%         N/A       99%         3
 Ozocubu's Armour         Ice            0%         N/A       99%         3
 Swiftness                Air            0%         N/A       99%         3
 Airstrike                Air            0%         2d(0-16)  100%        4
 Manifold Assault         Tloc           0%         N/A       100%        5
 Ozocubu's Refrigeration  Ice            0%         4d7       100%        7


Dungeon Overview and Level Annotations

Branches:
Dungeon (6/15)             Temple (1/1) D:5

Altars:
Ashenzari
Cheibriados
Dithmenos
Elyvilon
Fedhas
Hepliaklqana
Kikubaaqudgha
Makhleb
Nemelex Xobeh
Qazlal
Ru
Sif Muna
Trog
Uskayaw
Vehumet
Wu Jian
Xom
Yredelemnul
Zin
The Shining One

Annotations:
D:5 2 transporters


Innate Abilities, Weirdness & Mutations

You have a pair of horns on your head.
You reflexively headbutt those who attack you in melee.
You have a somewhat thin skeletal structure. (Dex +2, Stealth+)


Message History

Your bones become slightly less dense.
The hound bites you but does no damage.
The kobold brigand hits you but does no damage.
It was a potion of cancellation.
You feel magically purged. The hound bites you.
* * * LOW HITPOINT WARNING * * *
The kobold brigand hits you with a +0 dagger.
* * * LOW HITPOINT WARNING * * *
The hound completely misses you.
You miss the hound. You headbutt the hound.
The hound is heavily wounded.
You slash the kobold brigand!
You kill the kobold brigand!
Sif Muna accepts your kill. The hound closely misses you.
You furiously retaliate!
You headbutt the hound. You hit the hound.
The hound is severely wounded.
You closely miss the kobold. You block the hound's attack.
The kobold closely misses you. The hound bites you.
* * * LOW HITPOINT WARNING * * *
You barely miss the kobold. You closely miss the hound. The kobold misses you.
The hound bites you but does no damage.
You slash the hound!
You kill the hound!
Sif Muna accepts your kill.
You closely miss the kobold. The kobold barely misses you.
You slice the kobold!!
You kill the kobold!
Sif Muna accepts your kill.
You slash the kobold!
You kill the kobold!
Sif Muna accepts your kill.
You barely miss the kobold. You headbutt the kobold.
You kill the kobold!
Sif Muna accepts your kill.
You hit the jelly but do no damage. The acid corrodes you!
Your hands burn!
* * * LOW HITPOINT WARNING * * *
The jelly barely misses you.
You hit the jelly.
Your hands burn!
You die...

...##..### #..# ..
......†..## #..# #.
#..#..##..###..# [. ..
##..##......# .# .
#..###.....##.# ####.#
#.....#..# ###.
###8######.....#.W#.....
_.._.._8##.....#)J.K.#
~.....~##.....##@#####
≈~...~~##...........#
#~~.~≈##......#####'###
##~.~##.......#.......#
.##'##........#.......#
.....)........#.......#
#
###.))........#.......#
.#
#######...#.#.......##.#
#...#.#..........#


You could see a phantom, a jelly and a kobold.

Vanquished Creatures
  A two-headed ogre (D:6)
  The ghost of alby the Gusty, a novice GnWn of Hepliaklqana (D:6)
  A water moccasin (D:5)
  2 ice beasts
  2 ogres
  A centaur (D:5)
  A phantom (D:6)
  2 kobold brigands (D:6)
  2 scorpions
  A bullfrog (D:6)
  A necrophage (D:5)
  3 hounds
  5 iguanas
  Natasha (D:4)
  5 orc wizards
  11 adders
  14 gnolls
  2 shadow imps
  A white imp (D:6)
  3 worms
  9 dart slugs
  12 orcs
  11 ball pythons
  17 endoplasms
  4 giant cockroaches
  6 goblins
  7 hobgoblins
  4 jackals (D:3)
  A quokka (D:4)
  6 bats
  6 frilled lizards
  13 kobolds
  9 rats
  A spectral goblin (D:2)
166 creatures vanquished.

Notes
Turn   | Place    | Note
-------+----------+-------------------------------------------
     0 | D:1      | Locuples the Minotaur Fighter began the quest for the Orb.
     0 | D:1      | Reached XP level 1. HP: 19/19 MP: 0/0
   277 | D:1      | Reached XP level 2. HP: 27/27 MP: 1/1
   553 | D:1      | Reached XP level 3. HP: 33/33 MP: 2/2
  1062 | D:2      | Reached skill level 3 in Axes
  1279 | D:2      | Reached XP level 4. HP: 39/40 MP: 3/3
  1346 | D:2      | Found a faded altar of an unknown god.
  1357 | D:2      | Prayed at the altar of an unknown god.
  1357 | D:2      | Became a worshipper of Sif Muna the Loreminder
  1357 | D:2      | Reached * piety under Sif Muna
  1692 | D:3      | Reached skill level 4 in Axes
  1694 | D:3      | Reached skill level 1 in Dodging
  1695 | D:3      | Reached XP level 5. HP: 14/47 MP: 4/4
  1696 | D:3      | HP: 1/47 [gnoll/+0 halberd (13)]
  2683 | D:3      | Found a burning altar of Makhleb.
  2766 | D:3      | Reached ** piety under Sif Muna
  3122 | D:4      | Noticed an ogre
  3131 | D:4      | Killed an ogre
  3132 | D:4      | Reached skill level 5 in Axes
  3132 | D:4      | Reached skill level 5 in Armour
  3132 | D:4      | Reached XP level 6. HP: 18/53 MP: 5/5
  3453 | D:4      | Noticed Natasha
  3460 | D:4      | Killed Natasha
  4258 | D:4      | Reached skill level 5 in Fighting
  4694 | D:5      | Entered Level 5 of the Dungeon
  4694 | D:5      | Noticed a water moccasin
  4700 | D:5      | Killed a water moccasin
  4701 | D:5      | Reached skill level 6 in Axes
  4701 | D:5      | Reached XP level 7. HP: 51/61 MP: 6/6
  4837 | D:5      | Reached skill level 7 in Axes
  5232 | D:5      | Found a transporter.
  5254 | D:5      | Found a transporter.
  5318 | D:5      | Reached XP level 8. HP: 49/70 MP: 7/7
  5327 | D:5      | Reached skill level 8 in Axes
  5481 | D:5      | Found a staircase to the Ecumenical Temple.
  5486 | Temple   | Entered the Ecumenical Temple
  5759 | D:5      | Reached *** piety under Sif Muna
  5860 | D:6      | Found a runed translucent door.
  5864 | D:6      | Noticed alby's ghost (novice GnWn)
  6033 | D:6      | Killed alby's ghost
  6034 | D:6      | Reached skill level 9 in Axes
  6034 | D:6      | Reached skill level 5 in Shields
  6463 | D:6      | Reached skill level 10 in Axes
  6463 | D:6      | Reached XP level 9. HP: 40/78 MP: 6/8
  6629 | D:6      | Found a blossoming altar of Fedhas.
  6629 | D:6      | Found a white marble altar of Elyvilon.
  6630 | D:6      | Found a glowing golden altar of the Shining One.
  6675 | D:6      | Noticed a two-headed ogre
  6688 | D:6      | Killed a two-headed ogre
  6691 | D:6      | Gained mutation: You have a somewhat thin skeletal
                  | structure. (Dex +2, Stealth+) [potion of mutation]
  6698 | D:6      | HP: 2/79 [acid (4)]
  6699 | D:6      | Splashed by a jelly's acid

Illustrated notes

Levels and vault maps discovered:
D:1:      onia_arrival_handbag, layout_basic
D:2:      layout_basic, dreamdust_ecumenical_altar_drowned_temple,
          minmay_hexomino_u4
D:3:      layout_basic, lightli_temple_of_fire, minmay_pentangle
D:4:      layout_loops_ring, serial_co_window_serial, co_window_corner_a,
          co_window_paths_a, co_window_paths_a, co_window_paths_b,
          co_window_paths_b, co_window_paths_a, co_window_of_opportunity_b,
          co_window_cross_4, co_window_of_opportunity_c, co_window_cross_2,
          co_window_corner_ca, co_window_paths_e, co_window_4corner_b,
          glass_columns_b, glass_columns_a, glass_columns_b, glass_columns_a,
          glass_columns_b, uniq_natasha
D:5:      gammafunk_steamed_eel, layout_loops_ring,
          minmay_temple_entry_drinking_statues
D:6:      minmay_evil_eye, layout_basic, gammafunk_temple_overflow_claw,
          ebering_ghost_sewer_d, dilly_guarded_unrand_morg
Temple:   nicolae_temple_x_marks_the_god

Skill      XL: |  1  2  3  4  5  6  7  8  9 |
---------------+----------------------------+-----
Armour         | 4 5 6 7 8 |  8.6
Shields        | 4 5 |  5.2
Fighting       | 4 5 6 7 |  7.2
Axes           | 3 4 5 6 7 10 | 10.8
Dodging        | 1 2 3 |  3.2

Action                   |  1- 3 |  4- 6 |  7- 9 || total
-------------------------+-------+-------+-------++-------
Melee: War axe           |    77 |   164 |   158 ||   399
       Headbutt          |    12 |    28 |    32 ||    72
  Use: Potion            |       |     1 |     9 ||    10
Armor: Scale mail        |    41 |    57 |    53 ||   151
Dodge: Dodged            |    42 |    90 |    78 ||   210
Block: Buckler           |    20 |    47 |    26 ||    93

Table legend: (Time is in decaauts)
 A = Elapsed time spent in this place.
 B = Non-inter-level travel time spent in this place.
 C = Inter-level travel time spent in this place.
 D = Time resting spent in this place.
 E = Time spent auto-exploring this place.
 F = Levels seen in this place.
 G = Mean time per level.
                   A        B        C        D        E       F      G
               +--------+--------+--------+--------+--------+-----+--------+
         Total |   6808 |   6685 |    123 |   1705 |   3684 |   7 |  972.6 |
       Dungeon |   6747 |   6624 |    123 |   1705 |   3638 |   6 | 1124.5 |
        Temple |     61 |     61 |      0 |      0 |     46 |   1 |   61.0 |
               +--------+--------+--------+--------+--------+-----+--------+

Top non-repeatable levels by time:
     D:4: 1690 daAuts
     D:3: 1473 daAuts
     D:5: 1098 daAuts
     D:1: 1063 daAuts
     D:6: 869 daAuts
     D:2: 551 daAuts
  Temple: 61 daAuts
